 Dungeon Crawl Stone Soup version 0.30-a0-377-g5cb311bc9f (webtiles) character file.

Game seed: 4119089928713268829

165 pokeman the Magician (level 5, 0/29 HPs)
             Began as a Deep Elf Hedge Wizard on Nov 29, 2022.
             Slain by an orc
             ... wielding a +0 hand axe
              (1 damage)
             ... on level 3 of the Dungeon.
             The game lasted 00:05:17 (2271 turns).

pokeman the Magician (Deep Elf Hedge Wizard)        Turns: 2271, Time: 00:05:17

Health: 0/29       AC:  5    Str:  7    XL:     5   Next: 21%
Magic:  4/15       EV: 12    Int: 21    God:
Gold:   121        SH:  0    Dex: 14    Spells: 8/16 levels left

rFire   . . .      SeeInvis .    a - +0 dagger
rCold   . . .      Faith    .    (no shield)
rNeg    . . .      Spirit   .    g - +0 leather armour
rPois   .          Reflect  .    m - +0 helmet
rElec   .          Harm     .    n - +0 cloak
rCorr   .          Rampage  .    (no gloves)
Will    .....                    (no boots)
Stlth   ++........               (no amulet)
HPRegen 0.24/turn                (no ring)
MPRegen 0.14/turn                (no ring)

@: on blink cooldown
A: no striking features
a: no special abilities


You were on level 3 of the Dungeon.
You visited 1 branch of the dungeon, and saw 4 of its levels.

You collected 121 gold pieces.

Inventory:

Hand Weapons
 a - a +0 dagger (weapon)
Armour
 g - a +0 leather armour (worn)
 m - a +0 helmet (worn)
 n - a +0 cloak (worn)
Wands
 o - a wand of acid (2)
Scrolls
 b - a scroll of teleportation {unknown}
 c - 3 scrolls of torment {unknown}
 f - 4 scrolls of identify {unknown}
 j - a scroll of noise {unknown}
 l - a scroll of enchant armour {unknown}
 q - a scroll of vulnerability {unknown}
Potions
 d - a potion of magic
 e - 2 potions of might {unknown}
 h - a potion of lignification {unknown}
 i - 3 potions of mutation {unknown}
 k - a potion of curing {unknown}
 p - a potion of heal wounds {unknown}


   Skills:
 - Level 1.0 Fighting
 - Level 1.0 Armour
 + Level 3.1 Dodging
 - Level 3.0 Stealth
 * Level 6.1 Spellcasting
 + Level 2.6 Conjurations
 - Level 1.1 Summonings
 - Level 1.1 Translocations
 + Level 0.5 Evocations


You had 8 spell levels left.
You knew the following spells:

 Your Spells              Type           Power      Damage    Failure   Level
a - Magic Dart            Conj           68%        1d6       4%          1
b - Mephitic Cloud        Conj/Pois/Air  10%        N/A       30%         3
c - Call Imp              Summ           11%        N/A       14%         2
d - Blink                 Tloc           22%        N/A       14%         2

Your spell library contained the following spells:

 Spells                   Type           Power      Damage    Failure   Level
 Slow                     Hex            24%        N/A       14%         1
 Cigotuvi's Dreadful Rot  Necr/Pois/Air  12%        N/A       22%         2
 Poisonous Vapours        Pois/Air       12%        N/A       22%         2


Dungeon Overview and Level Annotations

Branches:
Dungeon (4/15)
 Temple: D:4-7

Altars:

Annotations:
D:3 Grinder


Message History

The orc completely misses you.
Unknown command.
You swap places.
Your crimson imp hits the orc.
The orc closely misses your crimson imp.
Your crimson imp hits the orc.
The orc dies!
Your crimson imp hits the orc.
The orc hits your crimson imp with a +0 hand axe.
Your crimson imp barely misses the orc.
The orc hits your crimson imp with a +0 hand axe.
Something barely misses your crimson imp.
q - a scroll labelled GUISELL NEIVO The orc misses your crimson imp.
Your crimson imp barely misses the orc.
Grinder shouts!
Your crimson imp hits the worm.
Something hits your crimson imp but does no damage.
Found a runed plate armour.
Grinder gestures at you. Pain shoots through your body!
Unknown command.
Casting: Call Imp (safe; 14% risk of failure)
Confirm with . or Enter, or press ? or * to list all spells.
Okay, then.
You hear the slow rusting of a very distant drain.
Grinder gestures at you. Pain shoots through your body!
Unknown command.
Your crimson imp disappears in a puff of smoke!
Casting: Call Imp (safe; 14% risk of failure)
Confirm with . or Enter, or press ? or * to list all spells.
You blink.
Grinder hits you. Grinder attacks as you move away! Grinder hits you.
* * * LOW HITPOINT WARNING * * *
You writhe in agony.
* * * LOW HITPOINT WARNING * * *
The orc closely misses you. The orc hits you but does no damage.
The orc hits you with a +0 hand axe.
You die...

#####........#....
#............#.###
#............#.###
#............#....
##............####.
#..............# #.
#......##....w.###.
#......##.....5.o..
#.@.###########†###
#.o.# #.### #5..#
#w##. #...# #.##.
#.[.# #.##. #...#
#...) ##### ##### #
#


You could see Grinder and an orc.

Vanquished Creatures
  An iguana (D:4)
  5 adders
  An ufetubus (D:4)
  2 dart slugs
  5 orcs (D:3)
  6 ball pythons
  3 bats
  6 endoplasms
  2 giant cockroaches (D:1)
  7 goblins (D:1)
  4 hobgoblins
  4 jackals
  2 quokkas (D:1)
  5 kobolds
  8 rats
61 creatures vanquished.

Vanquished Creatures (collateral kills)
  An adder (D:2)
  An orc (D:3)
  2 jackals (D:2)
  A rat (D:2)
5 creatures vanquished.

Grand Total: 66 creatures vanquished

Notes
Turn   | Place    | Note
-------+----------+-------------------------------------------
     0 | D:1      | pokeman the Deep Elf Hedge Wizard began the quest for the
                  | Orb.
     0 | D:1      | Reached XP level 1. HP: 10/10 MP: 7/7
   277 | D:1      | Reached XP level 2. HP: 16/16 MP: 7/9
   697 | D:1      | Reached skill level 5 in Spellcasting
   970 | D:1      | Reached XP level 3. HP: 20/20 MP: 6/11
   974 | D:1      | Learned a level 3 spell: Mephitic Cloud
   977 | D:1      | Learned a level 2 spell: Call Imp
   980 | D:1      | Learned a level 2 spell: Blink
  1231 | D:2      | Reached skill level 1 in Fighting
  1237 | D:2      | Reached skill level 1 in Armour
  1555 | D:2      | Reached XP level 4. HP: 20/25 MP: 3/13
  1838 | D:2      | You fall into a shaft and drop 2 floors!
  2126 | D:3      | Reached skill level 6 in Spellcasting
  2140 | D:3      | Reached XP level 5. HP: 29/29 MP: 10/15
  2180 | D:3      | Noticed Grinder
  2269 | D:3      | HP: 1/29 [Grinder (6)]
  2271 | D:3      | Slain by an orc

Illustrated notes

Levels and vault maps discovered:
D:1:      evilmike_arrival_hilbert_curve, layout_loops_cross,
          corexii_leaking_fountain, st_stairs_11, fountainhead,
          minmay_rat_gold_closets
D:2:      layout_basic, minmay_cut_off
D:3:      layout_basic, fedhas_altar_1, hellmonk_ecumenical_altar_run_dry,
          lightli_sewer_entry_pipes, uniq_grinder
D:4:      cheibrodos_barr_body, layout_rooms, lemuel_crystal_altar,
          gammafunk_temple_overflow_claw, uniq_robin

Skill      XL: |  1  2  3  4 |
---------------+-------------+-----
Spellcasting   | 5 6 |  6.1
Fighting       | 1 |  1.0
Armour         | 1 |  1.0
Conjurations   | 2 |  2.6
Stealth        | 3 |  3.0
Dodging        | 3 |  3.1
Summonings     | |  1.1
Translocations | |  1.1
Evocations     | |  0.5

Action                   |  1- 3 |  4- 6 || total
-------------------------+-------+-------++-------
Melee: Dagger            |     1 |    35 ||    36
       Punch             |       |     1 ||     1
 Cast: Magic Dart        |    85 |    47 ||   132
       Call Imp          |     1 |     2 ||     3
       Mephitic Cloud    |       |     2 ||     2
       Blink             |       |     1 ||     1
 Stab: Confused          |       |     1 ||     1
Armor: Robe              |     1 |       ||     1
       Leather armour    |     6 |    10 ||    16
Dodge: Dodged            |     8 |    21 ||    29

Table legend: (Time is in decaauts)
 A = Elapsed time spent in this place.
 B = Non-inter-level travel time spent in this place.
 C = Inter-level travel time spent in this place.
 D = Time resting spent in this place.
 E = Time spent auto-exploring this place.
 F = Levels seen in this place.
 G = Mean time per level.
                   A        B        C        D        E       F      G
               +--------+--------+--------+--------+--------+-----+--------+
         Total |   2270 |   2258 |     12 |      0 |   1834 |   4 |  567.5 |
       Dungeon |   2270 |   2258 |     12 |      0 |   1834 |   4 |  567.5 |
               +--------+--------+--------+--------+--------+-----+--------+

Top non-repeatable levels by time:
     D:1: 1212 daAuts
     D:2: 625 daAuts
     D:4: 274 daAuts
     D:3: 157 daAuts
